 Dungeon Crawl Stone Soup version 0.30.1-4-g462c640d31 (webtiles) character file.

Game seed: 8566501377983578770

2835 Wiggles the Cleaver (level 9, 0/120 HPs)
             Began as a Minotaur Berserker on Aug 13, 2023.
             Was a Priest of Trog.
             Slain by an unseen horror (5 damage)
             ... on level 7 of the Dungeon.
             The game lasted 00:08:58 (5906 turns).

Wiggles the Cleaver (Minotaur Berserker)            Turns: 5906, Time: 00:08:58

Health: 0/120      AC:  6    Str: 25    XL:     9   Next: 45%
Magic:  8/8        EV: 11    Int:  4    God:    Trog [***...]
Gold:   398        SH:  0    Dex: 17    Spells: 8/8 levels left

rFire   . . .        J - +1 hand axe (flame)
rCold   . . .        (no shield)
rNeg    . . .        s - +0 chain mail
rPois   .            (helmet restricted)
rElec   .            (no cloak)
rCorr   .            y - +0 pair of gloves
SInv    .            t - +0 pair of boots
Will    .....        j - amulet of magic regeneration Stlth
                     m - +6 ring of dexterity
HPRegen 0.40/turn    (no ring)
MPRegen 0.51/turn

%: no passive effects
@: berserking, corroded, very quick
A: horns 2, retaliatory headbutt
a: Renounce Religion, Berserk, Trog's Hand


You were on level 7 of the Dungeon.
You worshipped Trog.
Trog was most pleased with you.
You visited 1 branch of the dungeon, and saw 7 of its levels.

You collected 398 gold pieces.

Inventory:

Hand Weapons
 J - a +1 hand axe of flaming (weapon)
Armour
 s - a +0 chain mail (worn)
 t - a +0 pair of boots (worn)
 y - a +0 pair of gloves (worn)
Jewellery
 c - an amulet of faith
 j - an amulet of magic regeneration (around neck)
 m - a +6 ring of dexterity (left hand)
 q - a ring of protection from cold
 x - an amulet of the acrobat
 B - an amulet of regeneration
 C - a ring of ice
 I - an amulet of guardian spirit
Wands
 r - a wand of flame (16)
Scrolls
 b - a scroll of vulnerability {unknown}
 e - a scroll of summoning {unknown}
 f - 6 scrolls of identify {unknown}
 h - a scroll of silence {unknown}
 i - 2 scrolls of torment {unknown}
 l - a scroll of noise {unknown}
 o - 3 scrolls of fear {unknown}
 p - 3 scrolls of teleportation {unknown}
 v - a scroll of fog {unknown}
 w - 2 scrolls of blinking {unknown}
 D - a scroll of magic mapping {unknown}
 F - a scroll of amnesia {unknown}
Potions
 d - 4 potions of attraction {unknown}
 g - a potion of haste {unknown}
 k - 2 potions of flight {unknown}
 n - 4 potions of degeneration {unknown}
 u - a potion of ambrosia {unknown}
 z - 2 potions of curing {unknown}
 A - 2 potions of berserk rage {unknown}
 E - a potion of invisibility {unknown}
 G - a potion of lignification {unknown}
 H - a potion of heal wounds {unknown}


   Skills:
 + Level 7.7 Fighting
 + Level 10.5 Axes
 + Level 9.4 Armour
 + Level 3.9 Dodging
 + Level 1.6 Stealth


You had 8 spell levels left.
You didn't know any spells.
Your spell library was empty.

Dungeon Overview and Level Annotations

Branches:
Dungeon (7/15)             Temple (0/1) D:7

Altars:
Cheibriados
Gozag
Nemelex Xobeh
Ru
Sif Muna
Trog
Uskayaw
Yredelemnul
The Shining One

Shops:
D:5 [   D:6 *


Innate Abilities, Weirdness & Mutations

You have a pair of horns on your head.
You reflexively headbutt those who attack you in melee.


Message History

You destroy the sleepcap!
Trog accepts your kill. Something hits you.
Deactivating autopickup; reactivate with Ctrl-A.
The brown ugly thing tail-slaps you but does no damage.
You closely miss the brown ugly thing.
The brown ugly thing is heavily wounded.
The brown ugly thing tail-slaps you. The acid corrodes you!
You are splashed with acid!
* * * LOW HITPOINT WARNING * * *
A red film seems to cover your vision as you go berserk!
You feel yourself moving faster!
You feel mighty! Something hits you.
* * * LOW HITPOINT WARNING * * *
The brown ugly thing closely misses you.
You furiously retaliate!
You headbutt the brown ugly thing! You closely miss the brown ugly thing.
You headbutt the brown ugly thing, but do no damage.
The brown ugly thing is severely wounded.
You barely miss something. Something hits you!
* * * LOW HITPOINT WARNING * * *
You slash the brown ugly thing! You burn the brown ugly thing.
The brown ugly thing is almost dead.
The brown ugly thing barely misses you. You furiously retaliate!
You headbutt the brown ugly thing, but do no damage.
You slash the brown ugly thing! You burn the brown ugly thing.
You kill the brown ugly thing!
Trog accepts your kill.
You hit something. You burn something. Something hits you.
* * * LOW HITPOINT WARNING * * *
Something hits you.
* * * LOW HITPOINT WARNING * * *
You slash the orc warrior! You burn the orc warrior.
The orc warrior is heavily wounded.
You hit something. You burn something. Something hits you.
* * * LOW HITPOINT WARNING * * *
You barely miss the orc warrior.
You headbutt the orc warrior, but do no damage.
The orc warrior is heavily wounded.
You completely miss something. Something hits you.
You die...

.# # .## ## ... ##.
.. #... # .#. .#
.....##
#.###.#.###.#.....
#.....#.....#......#
#o{...#..........#
#@###.#...........
#.....#...........
#..)..#..............
#)###.#..............
# ..#..............
#.................
#....#.##.........
#...#..###........
....#..## #........


You could see an orc warrior.

Vanquished Creatures
  An ugly thing (D:7)
  Grinder (D:6)
  2 wyverns (D:5)
  Eustachio (D:5)
  3 steam dragons
  2 water moccasins
  An ice beast (D:7)
  An ogre (D:5)
  A centaur (D:7)
  A phantom (D:6)
  A kobold brigand (D:7)
  2 bullfrogs
  A scorpion (D:6)
  2 jellies
  4 orc priests
  A hound (D:7)
  2 iguanas
  3 sleepcaps
  3 orc wizards
  2 gnolls
  6 adders
  2 river rats (D:6)
  2 shadow imps (D:6)
  A white imp (D:3)
  An ufetubus (D:4)
  A worm (D:4)
  A dart slug (D:3)
  22 orcs
  6 ball pythons
  7 endoplasms
  9 giant cockroaches
  4 goblins
  6 hobgoblins
  11 kobolds
  4 quokkas
  6 bats
  A frilled lizard (D:2)
  8 rats
133 creatures vanquished.

Notes
Turn   | Place    | Note
-------+----------+-------------------------------------------
     0 | D:1      | Wiggles the Minotaur Berserker began the quest for the Orb.
     0 | D:1      | Reached XP level 1. HP: 19/19 MP: 0/0
   218 | D:1      | Reached XP level 2. HP: 23/27 MP: 1/1
   238 | D:1      | You fall into a shaft and drop 1 floor!
   292 | D:2      | Reached skill level 4 in Axes
   298 | D:2      | Reached XP level 3. HP: 33/34 MP: 2/2
   863 | D:2      | Reached XP level 4. HP: 36/41 MP: 3/3
   864 | D:2      | Reached ** piety under Trog
  1168 | D:3      | Reached skill level 5 in Axes
  1332 | D:3      | Found a bloodstained altar of Trog.
  1361 | D:3      | Found a shimmering blue altar of Sif Muna.
  1465 | D:3      | Reached skill level 5 in Fighting
  1473 | D:3      | Reached XP level 5. HP: 47/48 MP: 4/4
  2085 | D:4      | Reached *** piety under Trog
  2333 | D:4      | Reached XP level 6. HP: 56/56 MP: 5/5
  2519 | D:4      | Reached skill level 6 in Axes
  2667 | D:4      | Reached **** piety under Trog
  2983 | D:5      | Entered Level 5 of the Dungeon
  3020 | D:5      | Reached skill level 5 in Armour
  3020 | D:5      | Reached XP level 7. HP: 11/61 MP: 6/6
  3202 | D:5      | Found Migux's Antique Armour Boutique.
  3209 | D:5      | Noticed a wyvern
  3216 | D:5      | Killed a wyvern
  3217 | D:5      | Reached skill level 7 in Axes
  3333 | D:5      | Noticed Eustachio
  3343 | D:5      | Killed Eustachio
  3391 | D:5      | Noticed a wyvern
  3398 | D:5      | Killed a wyvern
  3526 | D:5      | Identified the +1 short sword of Desertification {protect,
                  | Will++}
  4062 | D:6      | Noticed Grinder
  4071 | D:6      | Paralysed by Grinder for 3 turns
  4083 | D:6      | Killed Grinder
  4084 | D:6      | Reached skill level 8 in Axes
  4084 | D:6      | Reached XP level 8. HP: 52/71 MP: 7/7
  4659 | D:6      | Found a basalt altar of Yredelemnul.
  4663 | D:6      | Found a glowing golden altar of the Shining One.
  4666 | D:6      | Noticed an angel
  4934 | D:6      | Reached skill level 9 in Axes
  4934 | D:6      | Reached skill level 1 in Stealth
  5070 | D:6      | Found a hide-covered altar of Uskayaw.
  5080 | D:6      | Found a snail-covered altar of Cheibriados.
  5242 | D:6      | Found an opulent altar of Gozag.
  5312 | D:6      | Found Xuh Fifu's Lightly-Used Armoury.
  5529 | D:7      | Found a staircase to the Ecumenical Temple.
  5539 | D:7      | Reached XP level 9. HP: 74/79 MP: 8/8
  5619 | D:7      | Found a sacrificial altar of Ru.
  5645 | D:7      | Found a sparkling altar of Nemelex Xobeh.
  5891 | D:7      | Reached skill level 10 in Axes
  5891 | D:7      | Noticed a brown ugly thing
  5904 | D:7      | Killed a brown ugly thing
  5905 | D:7      | HP: 5/120 [something (5)]
  5906 | D:7      | Slain by an unseen horror

Illustrated notes

Levels and vault maps discovered:
D:1:      spicycebolla_arrival_ecumenical, layout_rooms
D:2:      layout_loops_ring, kennysheep_generic_room_9
D:3:      layout_loops_ring, nzn_overflow_gifts_of_might_and_magic,
          minmay_misc_feat_plants, serial_bayou_pond_b, kennysheep_flooded_box
D:4:      layout_loops_corners, minmay_manual_monolith
D:5:      layout_cave_pods, serial_shops, shop, uniq_eustachio
D:6:      layout_basic, grunt_temple_overflow_holy_war, kennysheep_mini,
          gammafunk_temple_overflow_statue, gup_sewer_entry_bubbles,
          minmay_shop_damaged, minmay_circle_x, uniq_grinder
D:7:      hangedman_cross_stitches, layout_cave_pods,
          nicolae_overflow_hidden_temple, lemuel_round_altar,
          minmay_temple_entry_glass, small_statue_intersection

Skill      XL: |  1  2  3  4  5  6  7  8  9 |
---------------+----------------------------+-----
Fighting       | 4 5 6 7 |  7.7
Axes           | 4 5 6 8 9 10 | 10.5
Armour         | 3 4 5 7 8 9 |  9.4
Dodging        | 3 |  3.9
Stealth        | 1 |  1.6

Action                     |  1- 3 |  4- 6 |  7- 9 || total
---------------------------+-------+-------+-------++-------
  Melee: Hand axe          |    54 |   145 |   149 ||   348
         Headbutt          |    10 |    25 |    32 ||    67
         Punch             |       |       |     1 ||     1
 Invoke: Berserk           |     1 |       |     3 ||     4
 Armour: Ring mail         |    28 |    13 |       ||    41
         Chain mail        |       |    22 |    65 ||    87
  Dodge: Dodged            |    33 |    76 |    68 ||   177
